[Event "*** Titled Tuesday Blitz"]
[Site "Chess.com"]
[Date "2020.05.12"]
[Round "8"]
[White "FLamps8"]
[Black "Beca95"]
[Result "1-0"]
[WhiteElo "2593"]
[BlackElo "2884"]
[TimeControl "180+1"]
[EndTime "11:34:57 PDT"]
[Termination "FLamps8 won on time"]

1. d4 Nf6 2. Bf4 d6 3. Nc3 Nbd7 4. e4 e5 5. Be3 c6 6. Nf3 b5 7. a3 Bb7 8. Be2 Be7 9. O-O O-O 10. h3 Re8 11.
Qd2 a6 12. Rad1 Bf8 13. Nh4 exd4 14. Bxd4 c5 15. Bxf6 Nxf6 16. Nf5 b4 17. axb4 cxb4 18. Nd5 Nxe4 19. Qxb4 Rb8 20. Qa3 a5 21. Rfe1 g6 22.
Nfe3 Qh4 23. Rf1 h5 24. Bf3 Ng5 25. Nf6+ Kh8 26. Bxb7 Re6 27. Nd7 Rxb7 28. Nxf8 Re5 29. Qxd6 Rbe7 30. Qf6+ Kg8 31. Rd8 Re8 32. Rxe8 Rxe8 33.
Nd7 Re6 34. Qd8+ Kg7 35. Qc7 Ne4 36. Nc5 Re7 37. Qc8 Ng5 38. Nd3 Re4 39. Qc3+ Kh7 40. Qc7 Kg7 41. Qg3 Ne6 42. Qxh4 Rxh4 43. Ra1 a4 44. c3 Re4 45. Nb4 f5 46. Rxa4 f4 47. Nf1 Re1 48. Nd3 Rd1 49. Nxf4 Nc5 50. Rd4 Rb1 51.
Rd5 Nb3 52. Ne6+ Kf6 53. Nc5 Na1 54. Ne4+ Ke6 55. Rd2 Nb3 56. Re2 Nc1 57. Ned2+ Nxe2+ 58. Kh2 Rxb2 59. Nc4 Rb1 60. Nfe3 Nxc3 61. Nd2 Rc1 62. Nf3 Ne2 63. g3 Kf7 64. Kg2 Kg7 65. Ne5 Ra1 66. Nf3 Nc3 67. h4 Ne4 68. Nd5 Nf6 69. Nf4 Ra2 70. Ne6+ Kh8 71. Ne5 Ne4 72. Nxg6+ Kg8 73.
Kf3 Rxf2+ 74. Kxe4 Kf7 75. Nef4 Kf6 76. Ne5 Rf1 77. Nf3 Rxf3 78. Nxh5+ Kg6 79. Kxf3 Kxh5 80. Kg2 Kg4 81. Kh2 1-0

[Event "*** Titled Tuesday Blitz"]
[Site "Chess.com"]
[Date "2020.05.12"]
[Round "8"]
[White "TrenerChos"]
[Black "pirulillo"]
[Result "0-1"]
[WhiteElo "2379"]
[BlackElo "2214"]
[TimeControl "180+1"]
[EndTime "11:34:58 PDT"]
[Termination "pirulillo won by checkmate"]

1. e4 c5 2. Nf3 Nc6 3. d4 cxd4 4.
Nxd4 Nf6 5. Nc3 e6 6. Nxc6 bxc6 7.
Bd3 e5 8. O-O Be7 9. f4 d6 10. fxe5 dxe5 11. Kh1 O-O 12. Qe1 Rb8 13. Ne2 Nd7 14. Ng3 g6 15. Bc4 Bh4 16. Bh6 Nf6 17. Bxf8 Kxf8 18. Qe3 Kg7 19. b3 Qb6 20. Qxb6 axb6 21.
Bd3 Ng4 22. a4 Bd8 23. h3 Nh6 24. Ne2 f6 25. Bc4 Nf7 26. Bxf7 Kxf7 27. Rfd1 Be6 28. Rd6 Rc8 29. Rd3 Be7 30. a5 bxa5 31. Rxa5 f5 32.
Ra7 Kf6 33. exf5 gxf5 34. Rd1 h5 35. Kg1 Bc5+ 36. Kh2 Bxa7 37. c4 h4 38. Rd6 Bc5 39. Rd1 Rb8 40. Rd3 e4 41. Rc3 Ke5 42. Nc1 Bd4 43.
Rc2 f4 44. Ra2 c5 45. Ra7 f3 46. gxf3 exf3 47. Nd3+ Ke4 48. Nc1 Rg8 49. Re7 Kf5 50. Nd3 Kf6 51. Rc7 Rg2+ 52. Kh1 Rd2 53. Nf4 Ke5 54.
Ng6+ Ke4 55. Re7 Kd3 56. Rxe6 f2 57. Kg2 Rd1 58. Nf4+ Kc2 59. Re2+ Kxb3 60. Rxf2 Bxf2 61. Kxf2 Kxc4 62. Ng2 Rd2+ 63. Kf3 Rxg2 64. Kxg2 Kd3 65. Kf3 c4 66. Kg4 c3 67. Kxh4 c2 68. Kg5 c1=Q+ 69. Kg4 Qc8+ 70. Kg3 Qh8 71. Kg4 Ke4 72. h4 Ke5 73. Kg5 Qg8+ 74. Kh6 Kf6 75. h5 Qh8# 0-1

[Event "*** Titled Tuesday Blitz"]
[Site "Chess.com"]
[Date "2020.05.12"]
[Round "8"]
[White "temus_galaktionov"]
[Black "IljaJoke"]
[Result "0-1"]
[WhiteElo "2724"]
[BlackElo "2556"]
[TimeControl "180+1"]
[EndTime "11:35:00 PDT"]
[Termination "IljaJoke won on time"]

1. d4 Nf6 2. Nf3 g6 3. c4 Bg7 4. Nc3 d5 5. cxd5 Nxd5 6. e4 Nxc3 7. bxc3 c5 8. Be3 Qa5 9. Qd2 O-O 10. Rc1 Bg4 11.
d5 b5 12. Bxc5 Rc8 13. Bd4 Bxf3 14. gxf3 Bxd4 15. Qxd4 Qxa2 16. Bxb5 Qb2 17. Qe3 Qxb5 18. h4 Qc5 19. Qh6 e6 20. h5 Qf8 21. Qf4 exd5 22. hxg6 fxg6 23. Qe5 Nd7 24. Qxd5+ Qf7 25. Qxf7+ Kxf7 26. Rxh7+ Ke6 27. Rg7 Ne5 28. Ke2 Rf8 29. Ra1 a5 30. Rb7 Rfc8 31. f4 Nc4 32. Ra4 Rc6 33.
Rb5 Rd8 34. f5+ gxf5 35. Rxf5 Rd2+ 36. Kf3 Rc2 37. Rh5 Ne5+ 38. Kf4 Rxf2+ 39. Ke3 Rf3+ 40. Ke2 Rcxc3 41. Rxa5 Rce3+ 42. Kd1 Rf1+ 43. Kc2 Rf2+ 44. Kd1 Nc4 45. Ra6+ Kf7 46. Rf5+ Rxf5 47. exf5 Rf3 48. f6 Ne5 49. Ke2 Rb3 50. Rd6 Ng4 51. Kd1 Ne3+ 52. Ke2 Ng4 53. Ra6 Nxf6 54. Kd2 Kg6 55. Kc2 Rf3 56.
Kd2 Kf5 57. Ke2 Rb3 58. Ra8 Nd5 59. Rf8+ Ke4 60. Re8+ Kd4 61. Kf2 Nf6 62. Rf8 Ne4+ 63. Kg2 Rb2+ 64. Kh3 Ke5 65. Kg4 Rg2+ 66. Kh3 Rg7 67.
Kh2 Nd6 68. Kh3 Nf5 69. Ra8 Nd4 70. Ra5+ Kf4 71. Ra4 Kf3 72. Kh4 Nf5+ 73. Kh5 Ne3 74. Ra3 Kf4 75. Ra4+ Ke5 76. Ra5+ Nd5 77. Kh4 Rg8 78.
Kh3 Ke4 79. Kh2 Ne3 0-1

[Event "*** Titled Tuesday Blitz"]
[Site "Chess.com"]
[Date "2020.05.12"]
[Round "8"]
[White "vladislavkovalev"]
[Black "VincentKeymer"]
[Result "0-1"]
[WhiteElo "2895"]
[BlackElo "2751"]
[TimeControl "180+1"]
[EndTime "11:35:01 PDT"]
[Termination "VincentKeymer won on time"]

1. e4 c5 2. Be2 d6 3. d3 g6 4. f4 Bg7 5. Nf3 e6 6. O-O Nc6 7. c3 Nge7 8. Be3 O-O 9. d4 b6 10. Nbd2 Bb7 11. Rc1 Rc8 12. a3 Qd7 13.
b4 cxd4 14. cxd4 f5 15. e5 Nd5 16. Qb3 Nce7 17. Nc4 Ba6 18. Nxb6 axb6 19. Bxa6 Rxc1 20. Bxc1 Ra8 21. Be2 Rc8 22. Bd2 h6 23. a4 Kf7 24.
Bb5 Qd8 25. Rc1 Rxc1+ 26. Bxc1 dxe5 27. Nxe5+ Bxe5 28. dxe5 Nxb4 29. Qxb4 Qd1+ 30. Bf1 Qxc1 31. Qxb6 g5 32. a5 Nd5 33. Qf2 gxf4 34. a6 Ne3 35. Qxf4 Qc5 36. Qf2 Qa3 37. h3 h5 38. Be2 Ke7 39.
a7 Qxa7 40. Bxh5 Qa1+ 41. Kh2 Nf1+ 42. Kg1 Ne3+ 43. Kh2 Qxe5+ 44. g3 Qd4 45. Kg1 e5 46. Bf3 Kf6 47. Be2 Qc3 48. Kh2 Qd2 49. Kg1 Qc1+ 50.
Kh2 Qd2 51. Kg1 e4 52. h4 Nd5 53. Bf1 Qc3 54. h5 Kg5 55. Be2 Qd2 56. Kg2 Nc3 57.
Bf1 Qxf2+ 58. Kxf2 Kxh5 59. Ke3 Kg5 60. Bg2 Nd5+ 61.
Kd4 Nf6 62. Ke5 e3 63. Bf3 Ne4 64. Kd4 Nxg3 65. Kxe3 f4+ 66. Kd2 Nf5 67. Kc3 Nh4 68. Ba8 Kg4 69. Kb4 Kg3 70. Bb7 Kf2 71. Ka5 Ke3 72.
Ka6 Nf5 73. Ka7 Nd6 74. Bh1 Ne4 75. Ka8 Nf2 76. Bb7 Ng4 77. Bc6 Nf6 78. Bb7 Ne4 79. Ba6 f3 80. Bb5 Ng3 81. Bc4 f2 82. Kb7 Ne2 0-1

[Event "*** Titled Tuesday Blitz"]
[Site "Chess.com"]
[Date "2020.05.12"]
[Round "8"]
[White "MITerryble"]
[Black "Vuk2000"]
[Result "1-0"]
[WhiteElo "2834"]
[BlackElo "2631"]
[TimeControl "180+1"]
[EndTime "11:35:05 PDT"]
[Termination "MITerryble won by resignation"]

1. d4 Nf6 2. Bg5 d5 3. Bxf6 exf6 4. e3 c6 5. c4 dxc4 6. Bxc4 Bd6 7. Nc3 O-O 8. Nge2 f5 9. O-O Nd7 10. a3 Nf6 11. g3 g6 12. Re1 b5 13. Bd3 a5 14. Nf4 Bxf4 15. gxf4 Qb6 16. Bf1 Bb7 17. Bg2 Rac8 18. b4 Rfd8 19. Qb3 Ne8 20. a4 bxa4 21. Nxa4 Qxb4 22. Qxb4 axb4 23. Rab1 Ba6 24. Rxb4 Bb5 25. Rc1 Nd6 26. h4 h5 27. Bf3 Ra8 28. Nc3 Ra3 29.
Kg2 Kg7 30. Kh2 Ra5 31. Kg3 Rd7 32. Rcb1 Re7 33. Kg2 Ra3 34. R4b3 Ra5 35. Rb4 Bd3 36. Rc1 Bb5 37. Rb3 Rea7 38. Rb4 Ra3 39. Rb2 R7a5 40. Rbb1 Nc4 41. d5 Nd2 42. Rb2 Nxf3 43. Kxf3 Rxc3 44. Rxc3 cxd5 45. Kg3 Bc4 46. Rd2 Ra1 47. Kg2 Bf1+ 48. Kh2 Bc4 49. Rcc2 Rb1 50. Rb2 Rf1 51. Kg2 Ra1 52.
Rdc2 Ra7 53. Rb6 Bd3 54. Rd2 Bc4 55. Rd6 Re7 56. Rb2 Ra7 57. Kg3 Ra1 58. Rd7 Ra6 59. Rbb7 Rf6 60. Rbc7 Bb3 61. f3 Bc4 62. Kf2 Bb3 63. Ke1 Ba2 64. Kd2 Bb3 65. Rb7 Bc4 66.
Rdc7 Ba2 67. Ra7 Bc4 68. Rd7 Bb3 69. Rac7 Bc4 70. Kc3 Be2 71. Rxd5 Bxf3 72. Rdd7 Be2 73. Kd2 Bb5 74. Re7 Ba4 75. Ke1 Bb3 76. Kf2 Be6 77. Ra7 Bd5 78. Rec7 Rb6 79. Rc2 Rb3 80. Rd2 Be6 81. Ra1 Rb4 82. Rc1 Rb3 83. Rcc2 Rb4 84. Rc7 Ra4 85. Rd6 Ra2+ 86. Kg3 Re2 87. Rxe6 1-0

[Event "*** Titled Tuesday Blitz"]
[Site "Chess.com"]
[Date "2020.05.12"]
[Round "8"]
[White "KingChess345"]
[Black "Munkhzul_Davaakhuu"]
[Result "1/2-1/2"]
[WhiteElo "2215"]
[BlackElo "1947"]
[TimeControl "180+1"]
[EndTime "11:35:05 PDT"]
[Termination "Game drawn by stalemate"]

1. d4 d5 2. Nf3 Nf6 3. g3 Bf5 4. Bg2 e6 5. O-O Be7 6. c4 c6 7. Qb3 Qc8 8. Nc3 O-O 9. Nd2 h6 10. e4 dxe4 11. Ndxe4 Nbd7 12. Bf4 Nxe4 13. Nxe4 Nf6 14.
Nd6 Bxd6 15. Bxd6 Re8 16. Rfe1 Qd7 17. c5 Nd5 18. Re5 a5 19. Rae1 b5 20. R1e2 f6 21. Rxf5 exf5 22. Bxd5+ cxd5 23. Qxd5+ Qf7 24. Rxe8+ Rxe8 25.
Qxf5 Qxa2 26. c6 Qxb2 27. c7 Qc1+ 28. Kg2 Qc6+ 29. Kh3 Qxd6 30. c8=Q Rxc8 31. Qxc8+ Qf8 32. Qe6+ Kh8 33. Qb6 Qc8+ 34. Kg2 Qa8+ 35. Kh3 b4 36. Qb5 Kg8 37. d5 Qc8+ 38. Kg2 Qd8 39. Qc6 b3 40.
d6 b2 41. Qc2 Qa8+ 42. Kh3 b1=Q 43. Qxb1 Qc8+ 44. Kg2 Qc6+ 45. Kh3 Qxd6 46. Qb3+ Kf8 47.
Qa4 Qe6+ 48. Kg2 Qb6 49. Kh3 Kf7 50. Qd7+ Kg6 51. Qc8 Kh7 52. Kg2 Qb4 53. Qf5+ Kg8 54. Qc8+ Kf7 55. Qd7+ Kf8 56. Qd8+ Kf7 57. Qd7+ Qe7 58.
Qd5+ Kg6 59. Qxa5 Qe4+ 60. Kh3 Qf5+ 61. Qxf5+ Kxf5 62. Kg2 Ke4 63. f3+ Ke3 64. g4 g5 65.
Kg3 Ke2 66. Kg2 Ke3 67. Kg3 Ke2 68. f4 Ke3 69. fxg5 fxg5 70. h4 Ke4 71. hxg5 hxg5 72. Kg2 Kf4 73. Kh2 Kxg4 74. Kg2 Kf4 75. Kf2 Kg4 76. Kg2 Kh4 77. Kh2 g4 78. Kg2 g3 79.
Kg1 Kg4 80. Kg2 Kf4 81. Kg1 Kf3 82. Kf1 g2+ 83. Kg1 Kg3 1/2-1/2

[Event "*** Titled Tuesday Blitz"]
[Site "Chess.com"]
[Date "2020.05.12"]
[Round "8"]
[White "Oleksandr_Bortnyk"]
[Black "Volodar_Murzin"]
[Result "1-0"]
[WhiteElo "2990"]
[BlackElo "2751"]
[TimeControl "180+1"]
[EndTime "11:35:07 PDT"]
[Termination "Oleksandr_Bortnyk won by resignation"]

1. e4 c6 2. c4 d5 3. cxd5 cxd5 4. exd5 Nf6 5. Qa4+ Nbd7 6. Nc3 g6 7. Bc4 Bg7 8.
Nf3 O-O 9. d3 a6 10. Qa3 Rb8 11. Bf4 Ra8 12. O-O Nb6 13. Qb3 Bf5 14. Rfe1 Rc8 15.
Be5 Bh6 16. Bd4 Nfd7 17. Ne4 Bxe4 18. Rxe4 Nc5 19. Bxc5 Rxc5 20. Rae1 Nc8 21. Rh4 Bg7 22. Qxb7 Nd6 23. Qa7 Rc7 24. Qb6 Qb8 25. Qxb8 Rxb8 26. b3 a5 27. h3 h6 28. Ne5 Bxe5 29. Rxe5 Kg7 30. Rf4 Rb4 31. a3 Rbb7 32. Rf3 Ra7 33. a4 Rab7 34. g4 Rb4 35. Kg2 Kf8 36. Re6 Kg7 37.
Re1 Kf8 38. Rfe3 Nb7 39. h4 Nc5 40. d4 Nb7 41. g5 h5 42. Rc3 Nd6 43. Rec1 Kg7 44.
Kh3 Ne4 45. R3c2 Nd6 46. Kg2 Nf5 47. Bb5 Rxc2 48. Rxc2 Nxh4+ 49. Kg1 Nf3+ 50. Kf1 Nxd4 51. Rc4 Nxb3 52. Rc7 Rg4 53. Rxe7 Rxg5 54. d6 Rd5 55. d7 Nc5 56. Kg2 Nb7 57. Bc4 Rg5+ 58. Kf1 Rf5 59.
Re8 Kf6 60. d8=Q+ Nxd8 61. Rxd8 h4 62. Rd6+ Kg5 63. Kg2 h3+ 64. Kxh3 Rxf2 65. Kg3 Rf5 66. Ra6 Rc5 67. Bxf7 Kf5 68. Bxg6+ Ke5 69. Be8 Kd4 70. Bb5 Kc3 71. Rxa5 Kb4 72. Ra6 Re5 73. Rf6 Re1 74.
Kf4 Ka5 75. Kf5 Kb4 76. Re6 Rd1 77. Re4+ Kc5 78. Ke5 Rh1 79. Rc4+ Kb6 80. Kd4 Rd1+ 81. Kc3 Rc1+ 82. Kb2 Rh1 83. Rc1 Rh3 84. Rc3 Rh4 85.
Kb3 Ka5 86. Ka3 Rg4 87. Re3 Rf4 88. Rd3 Rg4 89. Rd5 Rg3+ 90. Bd3+ Kb6 91. Kb4 1-0

[Event "*** Titled Tuesday Blitz"]
[Site "Chess.com"]
[Date "2020.05.12"]
[Round "8"]
[White "Mikedannnn"]
[Black "LionTheLeon_06"]
[Result "0-1"]
[WhiteElo "2464"]
[BlackElo "2668"]
[TimeControl "180+1"]
[EndTime "11:35:09 PDT"]
[Termination "LionTheLeon_06 won by resignation"]

1. e4 c5 2. Nf3 d6 3. d4 cxd4 4. Nxd4 Nf6 5. Nc3 a6 6. f4 e5 7. Nf3 Nbd7 8. a4 Qc7 9. Bd3 Be7 10. O-O O-O 11. Kh1 Nc5 12. Qe1 exf4 13. Bxf4 Be6 14.
Nd4 Nxd3 15. cxd3 Qb6 16. Be3 Qd8 17. Qg3 Re8 18. Bh6 g6 19. Nxe6 fxe6 20. Qh3 Qc8 21.
a5 e5 22. Qxc8 Raxc8 23. Bg5 Nd7 24. Bxe7 Rxe7 25. Nd5 Rf7 26. Rfc1 Rxc1+ 27. Rxc1 Nc5 28. Kg1 Nxd3 29. Rc8+ Kg7 30. Rd8 Nxb2 31. Rxd6 Nc4 32. Re6 Nxa5 33. Rxe5 Nc6 34. Re6 Nd4 35. Re7 Rxe7 36.
Nxe7 Kf7 37. Nd5 b5 38. Kf2 Ke6 39. Ke3 Nc6 40. Nc7+ Kd6 41. Nxa6 b4 42. Kd3 b3 43.
Kc3 Ke5 44. Nc5 Na5 45. Kb4 b2 46. Nd3+ Kxe4 47. Nxb2 Nc6+ 48. Kc5 Ne5 49. Kd6 Ng4 50. Ke6 Nxh2 51. Kf6 Kf4 52. Kg7 g5 53. Kxh7 Kg3 54.
Kg6 g4 55. Nd3 Kxg2 56. Kg5 g3 57. Kf4 Nf1 58. Kg4 Kh2 59. Ne1 Kg1 60. Kf3 Kh2 61.
Kg4 Ne3+ 62. Kf3 Nf5 63. Kg4 Nd4 64. Kf4 Ne2+ 65. Kf3 Ng1+ 66. Kg4 Ne2 67. Kf3 Nd4+ 68. Kg4 Nc2 69. Nf3+ Kg2 70. Ng5 Ne3+ 71. Kf4 Nd5+ 72. Kg4 Kh2 73. Nf3+ Kg2 74. Ng5 Nf6+ 75. Kf4 Kf2 76.
Nh3+ Kg2 77. Ng5 Kh2 78. Nf3+ Kh3 79. Ng5+ Kg2 80. Nf3 Kf2 81. Nh4 Nd5+ 82. Kg4 Ne3+ 83. Kh3 Nf5 84. Ng2 Ng7 85. Nh4 Ne6 86. Kg4 Nd4 87. Kh3 Nf3 88. Ng2 Ng1+ 89. Kg4 Kxg2 0-1

[Event "*** Titled Tuesday Blitz"]
[Site "Chess.com"]
[Date "2020.05.12"]
[Round "8"]
[White "GMSrinath"]
[Black "moro182"]
[Result "1/2-1/2"]
[WhiteElo "2823"]
[BlackElo "2689"]
[TimeControl "180+1"]
[EndTime "11:35:12 PDT"]
[Termination "Game drawn by agreement"]

1. d4 Nf6 2. Nf3 d5 3. c4 e6 4.
Nc3 c6 5. e3 Nbd7 6. Bd3 a6 7.
b3 Bb4 8. Bd2 O-O 9. O-O Bd6 10.
e4 dxc4 11. bxc4 e5 12. d5 Nc5 13. Bc2 h6 14. h3 Bd7 15. a4 Qe7 16. a5 Rac8 17.
Re1 Rfe8 18. Nh2 cxd5 19. cxd5 Rc7 20. Na4 Nxa4 21. Bxa4 Rec8 22. Bxd7 Qxd7 23. Ng4 Nxg4 24. Qxg4 Qxg4 25. hxg4 Rc2 26. Be3 Kf8 27. Rab1 R8c7 28. Bb6 Rd7 29. Rec1 Rxc1+ 30. Rxc1 Ke7 31. f3 Kf6 32.
Rc8 Bb4 33. Kf2 Bd6 34. Ke3 Ke7 35. g3 Kf6 36. f4 Ke7 37. Kf3 Kf6 38. Bd8+ Be7 39.
Bb6 Bd6 40. Re8 Be7 41. fxe5+ Kxe5 42. Bc5 Kf6 43. e5+ Kxe5 44. Rxe7+ Rxe7 45. Bxe7 Kxd5 46. Bf8 Kc4 47. Bxg7 Kb4 48. Bxh6 Kxa5 49. Ke4 b5 50. Kd5 b4 51. Kd6 b3 52. Bg7 Kb4 53. Ke7 a5 54.
Kxf7 a4 55. g5 a3 56. Bf8+ Ka4 57. Bxa3 Kxa3 58. g6 b2 59. g7 b1=Q 60. g8=Q Qf5+ 61. Ke7 Qe5+ 62. Kf8 Qf6+ 63. Qf7 Qd8+ 64. Kg7 Qg5+ 65.
Qg6 Qe5+ 66. Kh6 Qe3+ 67. Kh5 Qe5+ 68. Qg5 Qe8+ 69. Kh4 Qh8+ 70. Kg4 Qd4+ 71. Qf4 Qd7+ 72. Kf3 Qc6+ 73. Kf2 Qc2+ 74. Kf3 Qc6+ 75. Qe4 Qf6+ 76. Kg2 Qb2+ 77. Kh3 Qh8+ 78. Qh4 Qc8+ 79. Qg4 Qh8+ 80.
Kg2 Qb2+ 81. Kf3 Qc3+ 82. Kf4 Qd4+ 83. Kg5 Qg7+ 84. Kf5 Qf7+ 85. Ke5 Qe7+ 86. Qe6 Qg5+ 87. Kd4 Qxg3 88. Qa6+ Kb2 89. Qe2+ Ka1 90. Qd1+ Kb2 91.
Qd2+ Kb3 92. Qd1+ Ka2 93. Qe2+ Ka1 1/2-1/2

[Event "*** Titled Tuesday Blitz"]
[Site "Chess.com"]
[Date "2020.05.12"]
[Round "8"]
[White "vanea_03"]
[Black "jerry_77"]
[Result "1-0"]
[WhiteElo "2625"]
[BlackElo "2455"]
[TimeControl "180+1"]
[EndTime "11:35:20 PDT"]
[Termination "vanea_03 won by checkmate"]

1. d4 Nf6 2. c4 e6 3. g3 d5 4. Bg2 Be7 5. Nf3 O-O 6. O-O dxc4 7. Ne5 Nc6 8. Bxc6 bxc6 9. Nxc6 Qe8 10. Nxe7+ Qxe7 11. Na3 Rd8 12. Qc2 e5 13. dxe5 Qxe5 14. Nxc4 Qh5 15. f3 Ba6 16. Be3 Re8 17. Bf2 Qd5 18.
b3 h6 19. Rad1 Qe6 20. e4 g5 21. Bd4 Nd7 22. Bb2 Bxc4 23. bxc4 Ne5 24. Rd5 f6 25. f4 gxf4 26. Rxf4 c6 27. Rd1 Rad8 28.
Bxe5 fxe5 29. Rff1 Rd4 30. Rxd4 exd4 31. e5 Rf8 32. Rf4 Rxf4 33. gxf4 Qg4+ 34. Qg2 Qxg2+ 35. Kxg2 Kf7 36. c5 Ke6 37. Kf3 Kd5 38. h4 Kxc5 39. Ke4 Kc4 40. e6 d3 41. Ke3 Kc3 42. e7 d2 43.
e8=Q d1=Q 44. Qxc6+ Kb2 45. Qb7+ Ka1 46. f5 Qe1+ 47.
Kf4 Qxh4+ 48. Ke5 Qg3+ 49. Kf6 Qg5+ 50. Ke6 Qe3+ 51. Kf7 h5 52. Qh1+ Kxa2 53. Qxh5 Qb3+ 54. Kg7 Qc3+ 55. f6 Qa5 56. Qf7+ Kb2 57. Qe7 Qg5+ 58.
Kf8 a5 59. f7 Qh6+ 60. Ke8 Qc6+ 61. Qd7 Qe4+ 62. Qe7 Qa8+ 63. Kd7 Qb7+ 64. Ke6 Qe4+ 65. Kf6 Qh4+ 66. Ke6 Qe4+ 67. Kd7 Qb7+ 68. Ke8 Qc8+ 69. Qd8 Qe6+ 70. Kf8 a4 71. Qd4+ Kb3 72. Qd3+ Kb2 73. Qd4+ Kb3 74. Kg7 Qe7 75. Qd5+ Kb2 76. Qg2+ Kb3 77.
Qh3+ Kb2 78. Qg2+ Kb3 79. Qd5+ Kb2 80. Kg6 Qf8 81. Qe5+ Kb3 82. Qe6+ Kb2 83. Qf6+ Kb3 84. Qg7 Qd6+ 85. Kh7 Qh2+ 86. Kg8 a3 87. f8=Q a2 88.
Qgf7+ Kb2 89. Qf6+ Kb1 90. Qf5+ Kb2 91. Qb4+ Kc1 92. Qf1+ Kc2 93. Qbc4+ Kd2 94. Qfc1# 1-0

[Event "*** Titled Tuesday Blitz"]
[Site "Chess.com"]
[Date "2020.05.12"]
[Round "8"]
[White "PavelShkapenko"]
[Black "Indianlad"]
[Result "1/2-1/2"]
[WhiteElo "2647"]
[BlackElo "2917"]
[TimeControl "180+1"]
[EndTime "11:35:42 PDT"]
[Termination "Game drawn by stalemate"]

1. e4 c5 2. c3 d5 3. exd5 Nf6 4.
d4 cxd4 5. Qa4+ Nbd7 6. Qxd4 g6 7.
Nf3 Bg7 8. Be2 O-O 9. O-O Nb6 10.
c4 e6 11. d6 Ne8 12. Qh4 Qxd6 13. Nc3 f6 14. Be3 g5 15. Qe4 Nd7 16. Nb5 Qe7 17.
Nxa7 Nd6 18. Nxc8 Raxc8 19. Qc2 g4 20. Nd2 f5 21. f4 gxf3 22. Bxf3 Ne5 23. Be2 Ndxc4 24.
Nxc4 b5 25. Kh1 Nxc4 26. Bxc4 Rxc4 27. Qd3 Be5 28. Bg1 Rd8 29. Qe2 Rd5 30. Rad1 Re4 31. Qf3 Rxd1 32. Rxd1 Bxb2 33. Qb3 Rb4 34. Qc2 Bf6 35.
Qc8+ Kf7 36. Rd7 Re4 37. Rxe7+ Bxe7 38. Qc1 b4 39. g3 Re2 40. Qc4 Rb2 41. Bd4 Rb1+ 42.
Kg2 Rd1 43. Be3 Rd5 44. Bf4 h5 45. Qe2 h4 46. gxh4 Kg6 47. h5+ Kf7 48. h4 Bxh4 49. h6 Bf6 50. Qh5+ Ke7 51. h7 Rd4 52. Kf3 Rd3+ 53.
Ke2 Rd8 54. Bg5 Rh8 55. Bxf6+ Kxf6 56. Qh6+ Kf7 57. Ke3 e5 58. Qh5+ Kf6 59. Qh6+ Kf7 60. Qh5+ Kf6 61. Kf3 Kg7 62. Qg5+ Kxh7 63. Qxf5+ Kg7 64.
Qxe5+ Kh7 65. Qh5+ Kg7 66. Qg5+ Kf7 67. Qd5+ Kg6 68. Qd6+ Kg7 69. Qxb4 Rf8+ 70. Ke3 Kf7 71. Kd3 Re8 72. Qc5 Ke6 73. Qe3+ Kd7 74. Qa7+ Kc6 75. a4 Rd8+ 76. Kc4 Rc8 77. Qa6+ Kc7 78. Qa7+ Kc6 79. Kb4 Rc7 80. Qa6+ Kd7 81. a5 Rc6 82. Qb5 Kc7 83. Qe5+ Kb7 84. Kb5 Rc8 85. Qd5+ Ka7 86. a6 Rb8+ 87. Ka5 Rb1 88. Qc5+ Ka8 89. Qc8+ Ka7 90. Qd7+ Ka8 91. Qe8+ Rb8 92. Qe4+ Ka7 93. Qd4+ Ka8 94. Qd5+ Ka7 95. Qc5+ Ka8 96. Qc6+ Ka7 97. Qc7+ Ka8 98. Ka4 Rb6 99. Qd8+ Ka7 100. Ka5 Rb5+ 101. Ka4 Rb8 102. Qc7+ Ka8 103. a7 Rb4+ 104. Kxb4 1/2-1/2

[Event "*** Titled Tuesday Blitz"]
[Site "Chess.com"]
[Date "2020.05.12"]
[Round "9"]
[White "MusicCityMaster"]
[Black "Srisshhhtea"]
[Result "1-0"]
[WhiteElo "2323"]
[BlackElo "2130"]
[TimeControl "180+1"]
[EndTime "11:37:09 PDT"]
[Termination "MusicCityMaster won by resignation"]

1. e4 e6 2. d4 d5 3. Nc3 Nf6 4.
e5 Nfd7 5. Nce2 c5 6. c3 Nc6 7. Nf3 Be7 8. Nf4 O-O 9. h4 Nb6 10. Bd3 c4 11. Bxh7+ Kxh7 12. Ng5+ Bxg5 13. hxg5+ Kg8 14.
Qh5 f5 15. g6 1-0

[Event "*** Titled Tuesday Blitz"]
[Site "Chess.com"]
[Date "2020.05.12"]
[Round "9"]
[White "yobdc"]
[Black "Beca95"]
[Result "0-1"]
[WhiteElo "1917"]
[BlackElo "2884"]
[TimeControl "180+1"]
[EndTime "11:37:10 PDT"]
[Termination "Beca95 won by resignation"]

1. c4 g6 2. Nc3 Bg7 3. d4 d6 4. e4 e5 5. d5 a5 6. Be2 h5 7. Be3 Bh6 8. Qd2 Bxe3 9. Qxe3 Na6 10. Nf3 Nf6 11. Nd2 Nc5 12. b3 Ng4 13. Bxg4 hxg4 14. Rb1 f5 15. f4 exf4 16. Qxf4 Nd3+ 0-1

[Event "*** Titled Tuesday Blitz"]
[Site "Chess.com"]
[Date "2020.05.12"]
[Round "9"]
[White "ENEASZ"]
[Black "Harut-1998"]
[Result "1-0"]
[WhiteElo "2534"]
[BlackElo "2751"]
[TimeControl "180+1"]
[EndTime "11:37:45 PDT"]
[Termination "ENEASZ won by resignation"]

1. e4 e6 2. d4 d5 3. Bd3 Nc6 4. c3 Nf6 5. e5 Nd7 6. f4 Ne7 7. Nf3 c5 8. O-O Qb6 9. Kh1 g6 10. Qe2 h5 11. dxc5 Nxc5 12. Be3 Qc7 1-0

[Event "*** Titled Tuesday Blitz"]
[Site "Chess.com"]
[Date "2020.05.12"]
[Round "9"]
[White "Boudicca64"]
[Black "northridgehawk"]
[Result "0-1"]
[WhiteElo "2028"]
[BlackElo "2252"]
[TimeControl "180+1"]
[EndTime "11:37:48 PDT"]
[Termination "northridgehawk won by resignation"]

1. d4 Nf6 2. c4 g6 3. Nc3 d5 4. Bf4 Bg7 5. e3 O-O 6. Rc1 Be6 7. b3 c5 8. dxc5 Qa5 9. Be5 Nc6 10. cxd5 Bxd5 11. Bd4 e5 12. Qd2 exd4 13. Nxd5 Qxd2+ 0-1

[Event "*** Titled Tuesday Blitz"]
[Site "Chess.com"]
[Date "2020.05.12"]
[Round "9"]
[White "Kotofeyca"]
[Black "Stronger1799"]
[Result "1-0"]
[WhiteElo "2433"]
[BlackElo "2297"]
[TimeControl "180+1"]
[EndTime "11:37:52 PDT"]
[Termination "Kotofeyca won by resignation"]

1. d4 Nf6 2. c4 g6 3. f3 d5 4. cxd5 Nxd5 5. e4 Nb6 6. Nc3 Bg7 7. Be3 O-O 8. Qd2 Nc6 9. O-O-O e5 10. d5 Nd4 11.
Nb5 c5 12. dxc6 Nxc6 13. Qxd8 Rxd8 14. Rxd8+ Nxd8 15. Nxa7 Rxa7 16. Bxb6 Rxa2 17. Kb1 Ra6 18. Bxa6 1-0

[Event "*** Titled Tuesday Blitz"]
[Site "Chess.com"]
[Date "2020.05.12"]
[Round "9"]
[White "krasavetc"]
[Black "KerryStead"]
[Result "0-1"]
[WhiteElo "2255"]
[BlackElo "2115"]
[TimeControl "180+1"]
[EndTime "11:38:02 PDT"]
[Termination "KerryStead won by resignation"]

1. e3 d5 2. b3 e5 3. Bb2 Bd6 4. Nf3 f6 5. c4 c6 6. cxd5 cxd5 7.
Nc3 Be6 8. Bb5+ Nc6 9. O-O Ne7 10. d4 e4 11. Nd2 O-O 12. f3 f5 13. fxe4 fxe4 14.
Qh5 a6 15. Bxc6 bxc6 16. Rxf8+ Qxf8 17. Rf1 Qe8 18. Na4 Qxh5 0-1

[Event "*** Titled Tuesday Blitz"]
[Site "Chess.com"]
[Date "2020.05.12"]
[Round "9"]
[White "francyIM"]
[Black "IriBu"]
[Result "1-0"]
[WhiteElo "2669"]
[BlackElo "2541"]
[TimeControl "180+1"]
[EndTime "11:38:16 PDT"]
[Termination "francyIM won by resignation"]

1. c4 e5 2. Nc3 Bb4 3. Qc2 Nf6 4. Nf3 Nc6 5. e3 O-O 6. Nd5 a5 7. Qf5 Nxd5 8. cxd5 d6 9. Qh5 Ne7 10. a3 Bc5 11. d4 exd4 12. exd4 Bb6 13. Bd3 g6 14. Qh6 Bf5 15. Ng5 1-0

[Event "*** Titled Tuesday Blitz"]
[Site "Chess.com"]
[Date "2020.05.12"]
[Round "9"]
[White "JozefKneht"]
[Black "IMinTheWings"]
[Result "0-1"]
[WhiteElo "2354"]
[BlackElo "2233"]
[TimeControl "180+1"]
[EndTime "11:38:18 PDT"]
[Termination "IMinTheWings won by resignation"]

1. e4 b6 2. d4 Bb7 3. Bd3 e6 4. Qe2 Nf6 5. Nf3 d5 6. e5 Nfd7 7. O-O c5 8. c3 Nc6 9. Bg5 Be7 10.
Bxe7 Qxe7 11. Nbd2 g5 12. Qe3 g4 13. Ne1 h5 14. f4 gxf3 15. Nexf3 O-O-O 16. Rf2 Rdg8 17. Raf1 f6 18. exf6 Nxf6 19. Ne5 Nxe5 20. Qxe5 Ng4 21. Qe3 Nxe3 0-1

[Event "*** Titled Tuesday Blitz"]
[Site "Chess.com"]
[Date "2020.05.12"]
[Round "9"]
[White "Raja3401"]
[Black "Niclox"]
[Result "1-0"]
[WhiteElo "2787"]
[BlackElo "2613"]
[TimeControl "180+1"]
[EndTime "11:38:30 PDT"]
[Termination "Raja3401 won by resignation"]

1. e4 c5 2. Nf3 d6 3. d4 cxd4 4. Nxd4 Nf6 5. Nc3 g6 6. f4 Nc6 7. Bb5 Bd7 8. Bxc6 Bxc6 9. e5 dxe5 10. fxe5 Nd5 11. e6 f5 12. O-O Bg7 13. Nxf5 Bxc3 14.
bxc3 Qb6+ 15. Be3 1-0

[Event "*** Titled Tuesday Blitz"]
[Site "Chess.com"]
[Date "2020.05.12"]
[Round "9"]
[White "ZarinaShafigullina"]
[Black "kingofthenil"]
[Result "0-1"]
[WhiteElo "2331"]
[BlackElo "2470"]
[TimeControl "180+1"]
[EndTime "11:38:32 PDT"]
[Termination "kingofthenil won by resignation"]

1. d4 Nf6 2. Nf3 c5 3. g3 cxd4 4. Nxd4 e5 5. Nf3 Be7 6. Bg2 Nc6 7. O-O d5 8. Nc3 O-O 9. Bg5 Be6 10. a3 d4 11. Bxf6 Bxf6 12. Ne4 Be7 13. b4 Bd5 14. Qd3 f5 15. Ned2 e4 16. Qb5 a6 0-1

[Event "*** Titled Tuesday Blitz"]
[Site "Chess.com"]
[Date "2020.05.12"]
[Round "9"]
[White "Konavets"]
[Black "Baby_Legs"]
[Result "1-0"]
[WhiteElo "2938"]
[BlackElo "2731"]
[TimeControl "180+1"]
[EndTime "11:38:34 PDT"]
[Termination "Konavets won by resignation"]

1. e4 c6 2. d4 d5 3. exd5 cxd5 4. c4 Nf6 5. Nc3 g6 6. Qb3 Bg7 7. cxd5 O-O 8. Nge2 a6 9. Nf4 b5 10. a4 bxa4 11. Rxa4 Nbd7 12. Be2 Rb8 13. Qa2 Nb6 14. Ra5 Ne8 15. Be3 Nd6 16. O-O Nf5 17. Rd1 Qd6 18. Ne4 Qb4 19. Nd3 Qxa5 20. Qxa5 Nc4 21. Qc7 Rb7 22.
Qxc4 1-0